cohdb
Replays
Latest Replays
All Replays
Popular Replays
Top Player Replays
Match Explorer
How It Works
Community
CoH3 Stats
Reddit
Sign in to upload your games and track your stats! →
Sign in with Steam
Match 42062096
Unlisted
Match 42062096
Overview
Messages
Build Orders
End
Selects Armored Battlegroup
Selects Assault Engineers
Assault Engineer Squad
Assault Engineer Squad
Construct Weapon Support Center
M1919 Machine Gun Team
M1919 Machine Gun Team
Infantry Support Center
Bazooka Squad
M3 Armored Personnel Carrier
Construct Medical Station
Construct Motor Pool
Selects M31 Recovery Vehicle
Selects War Machine
Selects Fast Deploy
M8 Greyhound Armored Car
M8 Greyhound Armored Car
M1 Anti-tank Gun Team
Sniper
Captain Retinue
M31 Recovery Vehicle
M24 Chaffee Light Tank
Spaghetti
只愛❤毛妹
0
0
Comments
sign in to comment!
No comments posted yet!